 Dungeon Crawl Stone Soup version 0.24-a0-335-g06ca16a (webtiles) character file.

Game seed: 15631225232636030516

1485 Borgoz the Twirler (level 8, -6/49 HPs)
             Began as a Gargoyle Gladiator on May 19, 2019.
             Was an Initiate of Ashenzari.
             Mangled by an orc warrior
             ... wielding a +0 long sword
              (8 damage)
             ... on level 6 of the Dungeon.
             The game lasted 00:07:34 (4473 turns).

Borgoz the Twirler (Gargoyle Gladiator)             Turns: 4473, Time: 00:07:35

Health: -6/49      AC: 16    Str: 17    XL:     8   Next: 79%
Magic:  8/8        EV:  9    Int: 10    God:    Ashenzari [......]
Gold:   347        SH:  0    Dex: 13    Spells: 7/7 levels left

rFire    . . .     SeeInvis .   a - +0 quarterstaff
rCold    . . .     Gourm    .   (shield currently unavailable)
rNeg     + . .     Faith    .   m - +0 chain mail
rPois    ∞         Spirit   .   c - +0 helmet
rElec    +         Reflect  .   (no cloak)
rCorr    .         Harm     .   (no gloves)
MR       .....                  (no boots)
Stlth    ..........             v - amulet of the acrobat
HPRegen  0.16/turn              (no ring)
MPRegen  0.11/turn              (no ring)

@: no status effects
A: negative energy resistance 1, electricity resistance, unbreathing,
petrification resistance, rot immunity, AC +5
a: Curse Item, Renounce Religion


You were on level 6 of the Dungeon.
You worshipped Ashenzari.
Ashenzari was noncommittal.
You were not hungry.

You visited 2 branches of the dungeon, and saw 7 of its levels.

You collected 347 gold pieces.

Inventory:

Hand Weapons
 a - a +0 quarterstaff (weapon)
Armour
 c - a +0 helmet (worn)
 m - a +0 chain mail (worn)
Jewellery
 b - an uncursed amulet of faith
 j - an uncursed ring of flight
 q - an uncursed ring of magical power
 v - an amulet of the acrobat (around neck)
 x - an uncursed amulet of the gourmand
Wands
 h - a wand of polymorph (14)
Scrolls
 e - a scroll of amnesia {unknown}
 g - 2 scrolls of magic mapping {unknown}
 i - a scroll of fog {unknown}
 k - a scroll of identify
 l - a scroll of enchant armour {unknown}
 o - 4 scrolls of teleportation {unknown}
 p - 2 scrolls of blinking {unknown}
Potions
 n - 2 potions of might
 r - a potion of lignification
 t - 2 potions of invisibility
 u - 2 potions of brilliance
 w - a potion of agility {unknown}
Comestibles
 f - 16 rations
 s - 2 chunks of flesh


   Skills:
 + Level 5.1 Fighting
 * Level 6.8 Staves
 - Level 1.8 Throwing
 + Level 4.5 Armour
 * Level 5.6 Dodging


You had 7 spell levels left.
You didn't know any spells.
Your spell library contained the following spells:

 Spells                   Type           Power        Failure   Level  Hunger
 Confusing Touch          Hex            #.....       99%         1    ##.....
 Summon Small Mammal      Summ           #...         99%         1    ##.....
 Call Imp                 Summ           #.......     100%        2    ###....
 Call Canine Familiar     Summ           #.......     100%        3    ####...
 Confuse                  Hex            #.......     100%        3    ####...
 Gell's Gravitas          Tloc           #.........   100%        3    ####...
 Summon Guardian Golem    Hex/Summ       #.......     100%        3    ####...
 Petrify                  Tmut/Erth      #.......     100%        4    #####..
 Summon Ice Beast         Ice/Summ       #.......     100%        4    #####..
 Summon Lightning Spire   Summ/Air       #.......     100%        4    #####..
 Metabolic Englaciation   Hex/Ice        #.........   100%        5    ######.
 Yara's Violent Unravell  Hex/Tmut       #.........   100%        5    ######.


Dungeon Overview and Level Annotations

Branches:
Dungeon (6/15)             Temple (1/1) D:5

Altars:
Ashenzari
Cheibriados
Dithmenos
Elyvilon
Fedhas
Hepliaklqana
Kikubaaqudgha
Makhleb
Nemelex Xobeh
Okawaru
Qazlal
Sif Muna
Trog
Uskayaw
Vehumet
Wu Jian
Xom
Yredelemnul
Zin
The Shining One


Innate Abilities, Weirdness & Mutations

You are resistant to torment.
Your stone body is resilient. (AC +5)
You are immune to poison.
You resist negative energy. (rN+)
You are resistant to electric shocks. (rElec)
You can survive without breathing.
You are immune to petrification.
You are immune to rotting.


Message History

You hit the orc warrior but do no damage.
The orc warrior is almost dead.
The orc warrior struggles against the net.
The net rips apart, and the orc warrior comes free!
You barely miss the orc warrior.
The orc warrior is almost dead.
The orc warrior hits you with a +0 long sword.
* * * LOW HITPOINT WARNING * * *
Throwing (i - inventory)
d - 2 throwing nets (quivered)
Press: ? - help, Shift-Dir - straight line, f/p - orc warrior
Aim: an orc warrior, wielding a +0 long sword and wearing a +0 chain mail (almost dead)
You throw a throwing net.
The throwing net closely misses the orc warrior.
Throwing (i - inventory)
d - a throwing net (quivered)
Press: ? - help, Shift-Dir - straight line, f/p - orc warrior
Aim: an orc warrior, wielding a +0 long sword and wearing a +0 chain mail (almost dead)
You throw a throwing net.
The throwing net barely misses the orc warrior.
The orc warrior hits you with a +0 long sword!
You die...

#..######.#............###
#..# #...<.........).#
#..# #..####.####.#.# #..#
#..# #.# #.#.# #..# #..#
#.# #.#.# #..#
########.####.#.### #...
##..#.?##...........
#.##≈# #.....###....
#.@.###.##......###
#o##.##.###.##..# # #(#
##...###.##..### #.
#.##..<..#...### #
##.#####.#...### ###
.#....# # #.##..### #.
#..... # #...##


You could see an orc warrior.

Vanquished Creatures
  Sigmund (D:2)
  A sky beast (D:6)
  An eye of draining (D:4)
  2 ogres (D:4)
  A centaur (D:5)
  A bullfrog (D:2)
  2 scorpions (D:4)
  A crimson imp (D:5)
  2 bullfrog zombies (D:6)
  5 orc priests
  A bullfrog skeleton (D:5)
  A hound (D:4)
  A centaur skeleton (D:5)
  3 orc wizards
  5 worker ants
  A hound skeleton (D:4)
  4 adders
  8 gnolls
  An adder zombie (D:6)
  A dart slug (D:2)
  2 leopard geckos
  19 orcs
  3 giant cockroaches
  5 goblins
  4 hobgoblins
  6 jackals (D:3)
  3 quokkas
  3 ball pythons
  4 bats
  4 frilled lizards
  A giant cockroach zombie (D:5)
  5 kobolds
  A leopard gecko skeleton (D:4)
  7 rats
110 creatures vanquished.

Vanquished Creatures (others)
  A bullfrog (D:6)
1 creature vanquished.

Grand Total: 111 creatures vanquished

Notes
Turn   | Place    | Note
-------+----------+-------------------------------------------
     0 | D:1      | Borgoz the Gargoyle Gladiator began the quest for the Orb.
     0 | D:1      | Reached XP level 1. HP: 12/12 MP: 1/1
   148 | D:1      | Reached XP level 2. HP: 16/18 MP: 2/2
   589 | D:2      | Noticed a bullfrog
   596 | D:2      | Killed a bullfrog
   596 | D:2      | Reached skill level 1 in Armour
   596 | D:2      | Reached XP level 3. HP: 8/22 MP: 3/3
   596 | D:2      | Reached XP level 4. HP: 10/27 MP: 4/4
   823 | D:2      | Noticed Sigmund
   861 | D:2      | Killed Sigmund
   861 | D:2      | Reached skill level 4 in Staves
   861 | D:2      | Reached XP level 5. HP: 9/32 MP: 5/5
   861 | D:2      | Reached XP level 6. HP: 11/37 MP: 6/6
  1148 | D:2      | Found a deep blue altar of Sif Muna.
  1151 | D:2      | Found a radiant altar of Vehumet.
  1151 | D:2      | Found a snail-covered altar of Cheibriados.
  1154 | D:2      | Found a glowing silver altar of Zin.
  1303 | D:2      | You fall through a shaft for 2 floors!
  1589 | D:3      | Reached skill level 5 in Staves
  1589 | D:3      | Reached XP level 7. HP: 39/41 MP: 7/7
  1635 | D:3      | Found a hide-covered altar of Uskayaw.
  1934 | D:4      | Found a bloodstained altar of Trog.
  2049 | D:4      | Found a shimmering altar of Xom.
  2050 | D:4      | Found a hazy altar of Hepliaklqana.
  2056 | D:4      | Noticed a spectral ugly thing
  2342 | D:4      | Found a sparkling altar of Nemelex Xobeh.
  2848 | D:5      | Entered Level 5 of the Dungeon
  2856 | D:5      | Reached XP level 8. HP: 43/48 MP: 8/8
  2958 | D:5      | Reached skill level 6 in Staves
  2958 | D:5      | Reached skill level 5 in Dodging
  3095 | D:5      | Found a basalt altar of Yredelemnul.
  3432 | D:5      | Found a staircase to the Ecumenical Temple.
  3448 | Temple   | Entered the Ecumenical Temple
  3523 | Temple   | Became a worshipper of Ashenzari the Shackled
  4070 | D:6      | Found a shadowy altar of Dithmenos.
  4288 | D:6      | Reached skill level 5 in Fighting
  4471 | D:6      | HP: 2/49 [orc warrior/+0 long sword (4)]
  4473 | D:6      | Mangled by an orc warrior

Levels and vault maps discovered:
D:1:      giann_forest_graveyard, layout_basic
D:2:      layout_rooms, grunt_temple_overflow_open, uniq_sigmund
D:3:      layout_rooms, eat_drink_and_be_merry_uskayaw
D:4:      layout_basic, regret_index_temple_of_mockery,
          overflow_temple_1_default, hangedman_decor_growths,
          trog_eyes_of_draining
D:5:      layout_basic, kennysheep_little_box, minmay_temple_entry_proselytizer,
          first_ration, serial_bayou, serial_bayou_lagoon_a,
          serial_bayou_pond_c, serial_bayou_shore_a, serial_bayou_lagoon_b,
          serial_bayou_crossing, serial_bayou_pond_a
D:6:      minmay_cornered_nines, layout_loops_ring, marbit_many_paths,
          lemuel_doored_altar, lemuel_old_faithful
Temple:   eino_wide_crystal_templ

Skill      XL: |  1  2  3  4  5  6  7  8 |
---------------+-------------------------+-----
Armour         | 1 2 3 4 |  4.5
Dodging        | 3 4 5 |  5.6
Fighting       | 3 4 5 |  5.1
Staves         | 4 5 6 |  6.8
Throwing       | |  1.8

Action                   |  1- 3 |  4- 6 |  7- 9 || total
-------------------------+-------+-------+-------++-------
Melee: Quarterstaff      |    64 |   101 |   351 ||   516
Throw: Throwing net      |     1 |     1 |     4 ||     6
  Use: Potion            |       |     3 |       ||     3
       Scroll            |       |       |     4 ||     4
  Eat: Chunk             |       |     1 |    11 ||    12
Armor: Leather armour    |    42 |    12 |       ||    54
       Skin              |       |    10 |       ||    10
       Chain mail        |       |    38 |   250 ||   288
Dodge: Dodged            |    53 |    43 |   217 ||   313

Table legend:
 A = Non-vault XP
 B = Vault XP
 C = Vault XP percentage of total XP
 D = Non-vault monster count
 E = Vault monster count
 F = Vault count percentage of total count
                 A         B        C        D         E       F
            +---------+---------+-------+---------+---------+-------
      Total |    1596 |     526 |  24.8 |     103 |       7 |   6.4
            +---------+---------+-------+---------+---------+-------
        D:1 |      29 |       0 |   0.0 |      20 |       0 |   0.0
        D:2 |     118 |     197 |  62.5 |      13 |       1 |   7.1
        D:3 |     123 |       0 |   0.0 |      18 |       0 |   0.0
        D:4 |     564 |     137 |  19.5 |      16 |       3 |  15.8
        D:5 |     513 |      40 |   7.2 |      22 |       1 |   4.3
        D:6 |     249 |     152 |  37.9 |      14 |       2 |  12.5
            +---------+---------+-------+---------+---------+-------
